 Dungeon Crawl Stone Soup version 0.30.0-29-ga12c61a403 (webtiles) character file.

Game seed: 11663416545205804299

72 Fodor the Covered (level 4, 0/41 HPs)
             Began as a Minotaur Fighter on June 11, 2023.
             Killed from afar by Sigmund (3 damage)
             ... with a puff of flame
             ... on level 2 of the Dungeon.
             The game lasted 00:06:50 (1888 turns).

Fodor the Covered (Minotaur Fighter)                Turns: 1888, Time: 00:06:51

Health: 0/41       AC:  8    Str: 20    XL:     4   Next: 7%
Magic:  3/3        EV:  9    Int:  5    God:
Gold:   116        SH: 10    Dex: 12    Spells: 3/3 levels left

rFire   + . .        a - +0 long sword
rCold   + . .        c - +0 buckler
rNeg    . . .        b - +0 scale mail
rPois   .            (helmet restricted)
rElec   .            g - scarf {rC+ rF+}
rCorr   .            (no gloves)
SInv    .            j - +0 pair of boots
Will    .....        u - amulet of reflection Stlth
                     (no ring)
HPRegen 0.26/turn    (no ring)
MPRegen 0.08/turn

%: reflection
@: no status effects
A: horns 2, retaliatory headbutt
a: no special abilities


You were on level 2 of the Dungeon.
You visited 1 branch of the dungeon, and saw 2 of its levels.

You collected 116 gold pieces.

Inventory:

Hand Weapons
 a - a +0 long sword (weapon)
 n - a +1 vampiric dagger
Missiles
 f - 21 stones (quivered)
Armour
 b - a +0 scale mail (worn)
 c - a +0 buckler (worn)
 g - a scarf of resistance (worn)
 j - a +0 pair of boots (worn)
Jewellery
 t - a ring of magical power
 u - an amulet of reflection (around neck)
Scrolls
 e - a scroll of noise {unknown}
 h - 2 scrolls of identify {unknown}
 l - a scroll of blinking {unknown}
 p - a scroll of teleportation {unknown}
 s - a scroll of vulnerability {unknown}
Potions
 i - a potion of cancellation {unknown}
 k - a potion of invisibility {unknown}
 m - a potion of flight {unknown}
 o - a potion of lignification {unknown}
 q - a potion of haste
 r - a potion of heal wounds {unknown}
 v - a potion of ambrosia {unknown}
 w - a potion of attraction {unknown}


   Skills:
 + Level 4.3 Fighting
 + Level 3.1 Long Blades
 + Level 4.5 Armour
 + Level 4.3 Shields


You had 3 spell levels left.
You didn't know any spells.
Your spell library contained the following spells:

 Spells                   Type           Power      Damage    Failure   Level
 Fireball                 Conj/Fire      0%         3d3       100%        5
 Iskenderun's Battlesphe  Conj           0%         2d6       100%        5
 Conjure Ball Lightning   Conj/Air       0%         3x3d6     100%        6
 Orb of Destruction       Conj           0%         9d5       100%        7


Dungeon Overview and Level Annotations

Branches:
Dungeon (2/15)

Altars:
Xom

Annotations:
D:2 Sigmund


Innate Abilities, Weirdness & Mutations

You have a pair of horns on your head.
You reflexively headbutt those who attack you in melee.


Message History

Deactivating autopickup; reactivate with Ctrl-A.
The hobgoblin closely misses you.
You barely miss something.
You hear some strange, mumbled words.
You are confused.
The hobgoblin hits you.
You hear some strange, mumbled words.
Something tries to affect you, but you resist.
The hobgoblin hits you but does no damage.
The hobgoblin completely misses you. Something hits you.
There is a stone staircase leading up here.
The hobgoblin completely misses you.
You closely miss something. Your headbutt misses something.
You hear some strange, mumbled words.
You are more confused.
The hobgoblin barely misses you.
You bump into the rock wall.
Something hits you. The hobgoblin hits you.
You bump into the rock wall.
The hobgoblin hits you. Something hits you!
You're too confused to move!
The hobgoblin closely misses you.
Unknown command.
Something hits you but does no damage. The hobgoblin hits you.
You're too confused to move!
The hobgoblin hits you but does no damage.
Something hits you.
Unknown command.
The hobgoblin attacks as you move away! The hobgoblin hits you.
Something hits you!
You hit the hobgoblin. You headbutt the hobgoblin.
You kill the hobgoblin!
Something hits you.
* * * LOW HITPOINT WARNING * * *
Something hits you!
* * * LOW HITPOINT WARNING * * *
You feel less confused. Something hits you.
* * * LOW HITPOINT WARNING * * *
You hear some strange, mumbled words.
A puff of flame appears from out of thin air!
The puff of flame hits you. You resist.
You die...

.......######.#........#.##.#
# ......[# #.#........#.##.#
# #####'## #..........#.##.#
. #.# #....#.....#..#.. .
#.#######....#.....#..... #.
#####.....[......#.....#.....
#.
.........####..............
#. .........# #..........#. .
.........# #...@{.....#
.........# #..........#
.........# #........<##
...._....# ####..........#
.........# #..........#
.........# #..........+
.........# #..........#
.........# #..........#
.........# #).........#


There were no monsters in sight!

Vanquished Creatures
  Jessica (D:2)
  3 adders (D:2)
  A dart slug (D:2)
  An endoplasm (D:1)
  A giant cockroach (D:2)
  3 hobgoblins
  A kobold (D:1)
  2 ball pythons (D:1)
  2 frilled lizards
  2 goblins
  3 rats
20 creatures vanquished.

Notes
Turn   | Place    | Note
-------+----------+-------------------------------------------
     0 | D:1      | Fodor the Minotaur Fighter began the quest for the Orb.
     0 | D:1      | Reached XP level 1. HP: 19/19 MP: 0/0
   291 | D:1      | You fall into a shaft and drop 1 floor!
   307 | D:2      | Reached XP level 2. HP: 16/27 MP: 1/1
   426 | D:2      | Noticed Jessica
   440 | D:2      | Killed Jessica
   441 | D:2      | Reached XP level 3. HP: 17/33 MP: 2/2
  1371 | D:1      | Reached XP level 4. HP: 41/41 MP: 3/3
  1673 | D:2      | Found a shimmering altar of Xom.
  1702 | D:2      | Noticed Sigmund
  1884 | D:2      | HP: 2/41 [something (2)]
  1888 | D:2      | Killed from afar by Sigmund

Illustrated notes

Levels and vault maps discovered:
D:1:      dpeg_arrival_rooms_with_view, layout_loops_ring, minivault_4
D:2:      cheibrodos_pilgrimage, layout_basic, basic_altar, minmay_domino_4,
          uniq_jessica, uniq_sigmund

Skill      XL: |  1  2  3 |
---------------+----------+-----
Fighting       | 4 |  4.3
Armour         | 4 |  4.5
Shields        | 4 |  4.3
Long Blades    | 3 |  3.1

Action                     |  1- 3 |  4- 6 || total
---------------------------+-------+-------++-------
  Melee: Long sword        |    35 |    15 ||    50
         Headbutt          |     5 |     2 ||     7
    Use: Potion            |       |     2 ||     2
 Armour: Scale mail        |    25 |    14 ||    39
  Dodge: Dodged            |    20 |    14 ||    34
  Block: Buckler           |    12 |     8 ||    20
